[Event "Monday 29 January Rapid Engine Tour 12+1 Rounds 9 Starts 1600 ST"]
[Site "Infinity Chess"]
[Date "2018.1.29"]
[Round "6"]
[White "Vimtiroba"]
[Black "BraveDevil"]
[Result "1-0"]
[ECO "B23"]
[WhiteElo "2470"]
[BlackElo "2443"]
[WhiteEngine "SF@Infinity_CTG"]
[BlackEngine "Cryptic AIL V2"]
[EventType "Swiss"]
[WhiteTeam ""]
[BlackTeam ""]
[PlyCount "271"]
[TimeControl "720+1"]

1. e4 c5 2. Nc3 Nc6 3. Nf3 e6 4. d4 cxd4 5. Nxd4 Nf6 6. Nxc6 bxc6 7. e5 Nd5 
8. Ne4 Qc7 9. f4 Qa5+ 10. Bd2 Qb6 11. Bd3 Nb4 12. Bxb4 Qxb4+ 13. c3 Qxb2 
14. O-O Be7 15. Rb1 Qa3 16. Kh1 Qa5 17. c4 Ba6 18. Rf3 Rd8 19. Rh3 h6 
20. Qe2 Bc8 21. Rg3 Kf8 22. Nd6 h5 23. Nxc8 Rxc8 24. f5 h4 25. Rg4 Qc5 
26. h3 exf5 27. Bxf5 Rh6 28. Bxd7 Rd8 29. Rb7 Kg8 30. Re4 Qa3 31. Qf1 Rf8 
32. Rf4 Qe3 33. Bxc6 Qxe5 34. Re4 Qf6 35. Qxf6 Bxf6 36. Bd5 a6 37. Kg1 Rh5 
38. Kf2 Rf5+ 39. Ke2 Rg5 40. Re3 Kh7 41. Kd3 Kh6 42. Ra7 Rd8 43. Ke2 Rf5 
44. Rxa6 Rb8 45. Rf3 Rb2+ 46. Kd3 Re5 47. Re3 Rf5 48. Rf3 Re5 49. Re3 Rf5 
50. Re2 Rb1 51. Bxf7 Rff1 52. Rc2 Rbd1+ 53. Rd2 Rde1 54. Rc2 Rd1+ 55. Rd2 Rde1 
56. Bd5 Rc1 57. Ra3 Rf4 58. Ke2 Rf5 59. Re3 Rff1 60. Kd3 g6 61. Rc2 Rfd1+ 
62. Rd2 Rf1 63. Re6 Rf4 64. a4 Rc3+ 65. Ke2 Bd4 66. Bf3 Ra3 67. Rc2 Bc5 
68. Re5 Rf5 69. Rxf5 gxf5 70. Bc6 Kg5 71. Rd2 Kf4 72. Rd5 Be7 73. Rd4+ Ke5 
74. Rd7 Bb4 75. Rd5+ Ke6 76. Bd7+ Ke7 77. Bxf5 Rxa4 78. Rb5 Kd6 79. Bc2 Ra2 
80. Rxb4 Rxc2+ 81. Kf3 Rc3+ 82. Ke4 Kc7 83. Rb2 Rg3 84. Rb5 Rxg2 85. Rh5 Rc2 
86. Kd5 Kb6 87. Rxh4 Rd2+ 88. Rd4 Rh2 89. h4 Rh3 90. Kd6 Kb7 91. c5 Kc8 
92. c6 Kd8 93. c7+ Kc8 94. Ke7 Rh1 95. Rd8+ Kxc7 96. Rd4 Kc6 97. Ke6 Rh3 
98. Rc4+ Kb5 99. Rg4 Kc6 100. Rc4+ Kb5 101. Kd5 Rg3 102. Rd4 Kb6 103. Kd6 Rh3 
104. Rb4+ Ka5 105. Kc5 Rh2 106. Rc4 Ka6 107. Kc6 Ka5 108. Rc5+ Kb4 109. h5 Rh1 
110. Kd6 Rg1 111. Rf5 Rh1 112. Ke5 Kc5 113. Rg5 Kc6 114. Kf6 Rh2 115. Kg6 Re2 
116. h6 Re6+ 117. Kg7 Re7+ 118. Kg8 Re8+ 119. Kf7 Rc8 120. h7 Kd6 121. Rh5 Rb8 
122. h8=Q Rxh8 123. Rxh8 Kd5 124. Rh4 Ke5 125. Ke7 Kf5 126. Kd6 Kg5 127. Re4 Kf5 
128. Rd4 Kf6 129. Rd5 Kf7 130. Rf5+ Kg6 131. Ke6 Kg7 132. Rg5+ Kh6 133. Kf6 Kh7 
134. Rh5+ Kg8 135. Rh6 Kf8 136. Rh8# 1-0

[Event "Monday 29 January Rapid Engine Tour 12+1 Rounds 9 Starts 1600 ST"]
[Site "Infinity Chess"]
[Date "2018.1.29"]
[Round "6"]
[White "KULLANI"]
[Black "Eman"]
[Result "1/2-1/2"]
[ECO "B90"]
[WhiteElo "2418"]
[BlackElo "2488"]
[WhiteEngine "BrainFish_180124_x64_CTG"]
[BlackEngine "Eman 1.68c 64-bit POPCNT"]
[EventType "Swiss"]
[WhiteTeam ""]
[BlackTeam ""]
[PlyCount "144"]
[TimeControl "720+1"]

1. e4 c5 2. Nf3 d6 3. d4 cxd4 4. Nxd4 Nf6 5. Nc3 a6 6. Be3 e5 7. Nb3 Be6 
8. f3 Nbd7 9. g4 Be7 10. Qd2 O-O 11. O-O-O b5 12. g5 Nh5 13. Nd5 Bxd5 
14. exd5 f5 15. gxf6 Bxf6 16. Na5 Nf4 17. Nc6 Qc7 18. c4 Nb8 19. Qa5 Qb7 
20. cxb5 axb5 21. Qxb5 Qxb5 22. Bxb5 Rxa2 23. Kb1 Ra8 24. Rc1 Ng2 25. Bd2 Na6 
26. Bd3 Nf4 27. Bc4 Bh4 28. Rc2 Nc5 29. Bb4 Nfd3 30. Bxd3 Nxd3 31. Bxd6 Rxf3 
32. Bxe5 Nxe5 33. Nxe5 Re3 34. Nc4 Rd3 35. d6 Rd4 36. Nb6 Rd8 37. Nc8 Re8 
38. Rhc1 Bf6 39. Rf2 Kf8 40. Rg2 Ree4 41. Rc6 Re1+ 42. Ka2 Re6 43. Ka3 Re3+ 
44. b3 Red3 45. Rc5 Rd1 46. Rc4 Ke8 47. Rxd4 Rxd4 48. Rc2 Kd7 49. b4 Rd3+ 
50. Ka4 Rc3 51. Nb6+ Kxd6 52. Rd2+ Kc6 53. Nd7 Be7 54. Ne5+ Kb6 55. Rd5 Rc2 
56. Rd7 Bf6 57. Ng4 Ra2+ 58. Kb3 Rb2+ 59. Ka3 Re2 60. Nxf6 gxf6 61. Rxh7 f5 
62. Ka4 f4 63. Rh6+ Kc7 64. Rf6 Kb7 65. h4 Re4 66. Ka5 f3 67. Rf7+ Kb8 
68. h5 Re5+ 69. b5 Rxh5 70. Ka6 Rh6+ 71. b6 Rh8 72. Rxf3 Ka8 1/2-1/2

[Event "Monday 29 January Rapid Engine Tour 12+1 Rounds 9 Starts 1600 ST"]
[Site "Infinity Chess"]
[Date "2018.1.29"]
[Round "6"]
[White "Ninja_Bp"]
[Black "CrapCleaner"]
[Result "1/2-1/2"]
[ECO "A06"]
[WhiteElo "2464"]
[BlackElo "2415"]
[WhiteEngine "Houdini 6_CTG"]
[BlackEngine "Raubfisch ME262_GTZ16b4_CTG"]
[EventType "Swiss"]
[WhiteTeam ""]
[BlackTeam ""]
[PlyCount "110"]
[TimeControl "720+1"]

1. Nf3 d5 2. d4 Nf6 3. c4 e6 4. Nc3 c6 5. e3 Nbd7 6. Bd3 dxc4 7. Bxc4 b5 
8. Be2 Bb7 9. O-O Be7 10. e4 b4 11. e5 bxc3 12. exf6 Bxf6 13. bxc3 c5 
14. dxc5 O-O 15. Ba3 Be7 16. Rb1 Bd5 17. Qd4 Rc8 18. c4 Bxf3 19. Bxf3 Bxc5 
20. Bxc5 Nxc5 21. Qe3 Qh4 22. Rfd1 Qxc4 23. Rbc1 Qb5 24. g3 h6 25. Kg2 Rc7 
26. Qf4 Qa5 27. Qe5 Rfc8 28. Rd6 f6 29. Qd4 Kh7 30. h4 f5 31. Qb2 Qa4 
32. Qe2 Qe8 33. Rcd1 Qe7 34. Qb5 Qf8 35. Qe2 Qe7 36. Qb5 Qf6 37. Qe2 Kg8 
38. Bd5 f4 39. Bxe6+ Nxe6 40. Qxe6+ Qxe6 41. Rxe6 fxg3 42. fxg3 Rc2+ 
43. Kh3 Rxa2 44. Rd7 Rcc2 45. Ree7 Rh2+ 46. Kg4 Ra4+ 47. Kf3 Ra3+ 48. Kf4 Rf2+ 
49. Kg4 h5+ 50. Kxh5 Rxg3 51. Rd8+ Kh7 52. Rf8 Rh2 53. Rh8+ Kxh8 54. Re8+ Kh7 
55. Rh8+ Kxh8 1/2-1/2

[Event "Monday 29 January Rapid Engine Tour 12+1 Rounds 9 Starts 1600 ST"]
[Site "Infinity Chess"]
[Date "2018.1.29"]
[Round "6"]
[White "MCDermont"]
[Black "KhalidOmar"]
[Result "1-0"]
[ECO "C55"]
[WhiteElo "2489"]
[BlackElo "2466"]
[WhiteEngine "BrainFish 060118_CTG"]
[BlackEngine "Eman 1.68c 64-bit BMI2"]
[EventType "Swiss"]
[WhiteTeam ""]
[BlackTeam ""]
[PlyCount "118"]
[TimeControl "720+1"]

1. e4 e5 2. Nf3 Nc6 3. Bc4 Nf6 4. d3 Bc5 5. c3 a5 6. Bg5 h6 7. Bh4 d6 8. O-O O-O 
9. Bb3 g5 10. Bg3 g4 11. Nh4 Nh5 12. a4 Qg5 13. Na3 Bd7 14. Re1 Nxg3 
15. hxg3 Qf6 16. Rf1 Ne7 17. Nc4 Be6 18. Ba2 Bd7 19. Ne3 h5 20. Qd2 Ba7 
21. Kh2 Qh6 22. Qc2 Qg7 23. Rad1 Rac8 24. Bb3 Kh8 25. Qd2 Bxe3 26. fxe3 f6 
27. d4 Qg5 28. Qf2 Kh7 29. Bc2 Kh8 30. b4 Ra8 31. Qe2 Be6 32. Rb1 Ng6 
33. Nxg6+ Qxg6 34. bxa5 Ra7 35. c4 Qg5 36. c5 dxc5 37. Bb3 Bxb3 38. Rxb3 cxd4 
39. exd4 Rxa5 40. Rf5 Qh6 41. Qf2 b6 42. Rb5 Kg8 43. Rxa5 bxa5 44. Qe1 h4 
45. gxh4 exd4 46. Qg3 Rf7 47. Rxa5 c6 48. Qxg4+ Rg7 49. Ra8+ Kh7 50. Qf5+ Qg6 
51. Rc8 Qxf5 52. exf5 Rd7 53. Rxc6 Rd5 54. g4 d3 55. Rc1 Rd4 56. Kh3 Rxa4 
57. Rc7+ Kh6 58. Rd7 d2 59. Rxd2 Ra3+ 1-0

[Event "Monday 29 January Rapid Engine Tour 12+1 Rounds 9 Starts 1600 ST"]
[Site "Infinity Chess"]
[Date "2018.1.29"]
[Round "6"]
[White "ivrdurant"]
[Black "SkyPilot"]
[Result "1/2-1/2"]
[ECO "C55"]
[WhiteElo "2386"]
[BlackElo "2483"]
[WhiteEngine "Raubfisch X37b3._CTG"]
[BlackEngine "stockfish_x64_bmi2_2018_01_13_CTG"]
[EventType "Swiss"]
[WhiteTeam ""]
[BlackTeam ""]
[PlyCount "121"]
[TimeControl "720+1"]

1. e4 e5 2. Nf3 Nc6 3. Bc4 Nf6 4. d3 Bc5 5. c3 d6 6. O-O O-O 7. Bb3 a6 
8. Nbd2 Ba7 9. Nc4 h6 10. h3 Be6 11. Re1 Qd7 12. a4 Rab8 13. a5 Rfe8 
14. Be3 Bxe3 15. Nxe3 Bxb3 16. Qxb3 Nh5 17. Qc4 Nf4 18. Nd5 Nxd5 19. Qxd5 Re6 
20. b4 Ne7 21. Qb3 Ng6 22. g3 Rf8 23. d4 Rfe8 24. Nd2 d5 25. exd5 R6e7 
26. dxe5 Nxe5 27. Kg2 Nc4 28. Rxe7 Qxd5+ 29. Kg1 Rxe7 30. Nxc4 Re4 31. Rd1 Qxc4 
32. Qxc4 Rxc4 33. Rd8+ Kh7 34. Rb8 c5 35. Rxb7 Rxc3 36. b5 axb5 37. Rxb5 Kg6 
38. Kf1 Kf6 39. Ke1 Ke5 40. Rb7 Ra3 41. Rxf7 Rxa5 42. Rxg7 c4 43. Kd2 Ke4 
44. Rf7 Ra3 45. Kc2 Ke5 46. Kb2 Rb3+ 47. Kc2 Kd4 48. Rf4+ Kd5 49. Rf6 Kc5 
50. f3 Kd4 51. Rxh6 Rxf3 52. Rh4+ Kc5 53. Rh5+ Kb4 54. g4 Rf2+ 55. Kd1 c3 
56. h4 Rf1+ 57. Kc2 Rf2+ 58. Kc1 Rf1+ 59. Kc2 Rf2+ 60. Kb1 Rf1+ 61. Kc2 1/2-1/2

[Event "Monday 29 January Rapid Engine Tour 12+1 Rounds 9 Starts 1600 ST"]
[Site "Infinity Chess"]
[Date "2018.1.29"]
[Round "5"]
[White "IronMan"]
[Black "hafaba"]
[Result "1/2-1/2"]
[ECO "A30"]
[WhiteElo "2409"]
[BlackElo "2461"]
[WhiteEngine "SF SL FA 250118-IDeA"]
[BlackEngine "SF SL FA 26012018 POPCNT_CTG"]
[EventType "Swiss"]
[WhiteTeam ""]
[BlackTeam ""]
[PlyCount "101"]
[TimeControl "720+1"]

1. c4 c5 2. e3 e6 3. d4 d5 4. Nf3 a6 5. cxd5 exd5 6. g3 Nf6 7. Bg2 cxd4 
8. Nxd4 Bg4 9. Qc2 Bd6 10. O-O O-O 11. b3 Qd7 12. Bb2 Rc8 13. Qd3 Nc6 
14. Nxc6 Bf5 15. Qd1 Rxc6 16. Nd2 Bb4 17. Nf3 Bc3 18. Bxc3 Rxc3 19. Qd2 Rac8 
20. Rfc1 Qc7 21. Qxc3 Qxc3 22. Rxc3 Rxc3 23. Rd1 Kf8 24. Nd4 Bd3 25. Bf1 Bxf1 
26. Kxf1 g6 27. Ke2 Ke7 28. f3 h5 29. h3 Nh7 30. Kd2 Rc8 31. Rf1 Nf8 32. g4 hxg4 
33. hxg4 Ne6 34. Nxe6 Kxe6 35. Rh1 b5 36. Rh4 b4 37. g5 a5 38. Rh7 Rc3 
39. f4 Rc8 40. Rh4 Kd6 41. Rh2 Ke7 42. Rh7 Ke6 43. Rh1 Kd6 44. Rh2 Ke6 
45. Kd3 Rc3+ 46. Kd4 a4 47. bxa4 Rc4+ 48. Kd3 Rc3+ 49. Kd4 Rc4+ 50. Kd3 Rc3+ 
51. Kd4 1/2-1/2

[Event "Monday 29 January Rapid Engine Tour 12+1 Rounds 9 Starts 1600 ST"]
[Site "Infinity Chess"]
[Date "2018.1.29"]
[Round "5"]
[White "Satria_Ungu"]
[Black "Katzenmaier"]
[Result "1/2-1/2"]
[ECO "A46"]
[WhiteElo "2357"]
[BlackElo "2477"]
[WhiteEngine "Houdini 6_CTG"]
[BlackEngine "SugaR XPrO x64 POPCNT_CTG"]
[EventType "Swiss"]
[WhiteTeam ""]
[BlackTeam ""]
[PlyCount "90"]
[TimeControl "720+1"]

1. d4 Nf6 2. Nf3 d5 3. c4 e6 4. Nc3 dxc4 5. e4 Bb4 6. Bg5 h6 7. Bxf6 Qxf6 
8. Bxc4 c5 9. e5 Qd8 10. O-O cxd4 11. Nxd4 O-O 12. Rc1 Bc5 13. Nb3 Bb6 
14. Qe2 Nc6 15. Kh1 Bd7 16. Rcd1 Ne7 17. Nd2 Qc7 18. Nde4 Ba5 19. Nd6 Bxc3 
20. bxc3 Nf5 21. Nxf5 exf5 22. Rd6 Ba4 23. h3 Rfe8 24. Re1 Rac8 25. Rd4 b5 
26. Bxb5 Bxb5 27. Qxb5 Qxc3 28. Red1 Rb8 29. Qd5 Rb2 30. f4 Re6 31. R4d2 Rxd2 
32. Qxd2 Qxd2 33. Rxd2 Ra6 34. g4 fxg4 35. hxg4 Ra4 36. Rd8+ Kh7 37. f5 Rxg4 
38. Rf8 Rh4+ 39. Kg2 Re4 40. Rxf7 Rxe5 41. f6 Rg5+ 42. Kh3 a6 43. fxg7 Ra5 
44. Kg4 Rxa2 45. g8=Q+ Kxg8 1/2-1/2

[Event "Monday 29 January Rapid Engine Tour 12+1 Rounds 9 Starts 1600 ST"]
[Site "Infinity Chess"]
[Date "2018.1.29"]
[Round "5"]
[White "angriff"]
[Black "Thinker"]
[Result "1/2-1/2"]
[ECO "D10"]
[WhiteElo "2404"]
[BlackElo "2386"]
[WhiteEngine "Stockfish SL FA POPCNT_CTG"]
[BlackEngine "BrainFish_180128_x64_modern_CTG"]
[EventType "Swiss"]
[WhiteTeam ""]
[BlackTeam ""]
[PlyCount "138"]
[TimeControl "720+1"]

1. d4 d5 2. c4 c6 3. cxd5 cxd5 4. Bf4 Nc6 5. e3 Nf6 6. Nc3 a6 7. Bd3 Bg4 
8. Nge2 e6 9. Rc1 Bd6 10. f3 Bh5 11. Na4 Bg6 12. Bxg6 hxg6 13. O-O O-O 
14. Bxd6 Qxd6 15. Qd2 Nd7 16. Nac3 Rac8 17. Nf4 Ne7 18. Nd3 Rfe8 19. Qf2 b5 
20. a3 Nc6 21. Ra1 Rb8 22. f4 Rec8 23. Qe2 Qc7 24. Rac1 Qb6 25. g4 Ne7 
26. Qf2 a5 27. Qh4 f6 28. Qe1 Rc4 29. Qd2 Qd6 30. Nf2 b4 31. axb4 axb4 
32. Ne2 Rxc1 33. Rxc1 e5 34. dxe5 fxe5 35. Kg2 Rf8 36. h3 Qe6 37. Nd3 b3 
38. Rf1 Rc8 39. Rc1 exf4 40. Rxc8+ Nxc8 41. exf4 Nd6 42. Ng3 d4 43. Qe2 Qc4 
44. h4 Nc5 45. Nxc5 Qxc5 46. Qe6+ Kh7 47. Qxb3 Qc6+ 48. Kh2 Qc1 49. Qd3 Qxf4 
50. Kh3 Nf7 51. b4 Qd6 52. b5 Ne5 53. Ne4 Qd5 54. Qe2 Qb3+ 55. Kg2 Nd3 
56. Ng5+ Kh6 57. Qe8 Qc2+ 58. Kh1 Qd1+ 59. Kh2 Qd2+ 60. Kh3 Nf4+ 61. Kg3 Ne2+ 
62. Kf2 Nc3+ 63. Kf1 Qf4+ 64. Ke1 Qc1+ 65. Kf2 Qc2+ 66. Ke1 Qc1+ 67. Kf2 Qd2+ 
68. Kg3 Ne2+ 69. Kf2 Nc3+ 1/2-1/2

[Event "Monday 29 January Rapid Engine Tour 12+1 Rounds 9 Starts 1600 ST"]
[Site "Infinity Chess"]
[Date "2018.1.29"]
[Round "5"]
[White "Dinkelberger"]
[Black "Dovahkiin"]
[Result "1/2-1/2"]
[ECO "C65"]
[WhiteElo "2412"]
[BlackElo "2391"]
[WhiteEngine "stockfish_18012814_x64_modern_CTG"]
[BlackEngine "BrainFish_180128_x64_modern_CTG"]
[EventType "Swiss"]
[WhiteTeam ""]
[BlackTeam ""]
[PlyCount "103"]
[TimeControl "720+1"]

1. e4 e5 2. Nf3 Nc6 3. Bb5 Nf6 4. O-O Nxe4 5. Re1 Nd6 6. Bf1 Be7 7. Nxe5 Nxe5 
8. Rxe5 O-O 9. d4 Bf6 10. Re1 Re8 11. c3 Rxe1 12. Qxe1 Ne8 13. Bf4 d5 
14. Nd2 Bf5 15. Qe3 Nd6 16. Qf3 Ne4 17. Nxe4 Bxe4 18. Qe3 c6 19. Re1 Qd7 
20. h3 Bg6 21. g4 Bh4 22. Kh2 Be4 23. Bg3 Bxg3+ 24. Qxg3 Re8 25. h4 h6 
26. f3 Bc2 27. Kg2 Rxe1 28. Qxe1 Qd8 29. a3 g5 30. Qd2 Bh7 31. h5 Qd6 
32. Qe3 Kg7 33. b4 f5 34. Bd3 f4 35. Qe2 Bxd3 36. Qxd3 Qe6 37. a4 Kf7 38. a5 Qe1 
39. Qf5+ Ke7 40. Qh7+ Ke8 41. Qg8+ Kd7 42. Qh7+ Kc8 43. Qf5+ Kc7 44. Qh7+ Kb8 
45. Qg8+ Kc7 46. Qf7+ Kc8 47. Qg8+ Kc7 48. Qf7+ Kd6 49. Qf8+ Kc7 50. Qg7+ Kd8 
51. Qf8+ Kc7 52. Qf7+ 1/2-1/2

[Event "Monday 29 January Rapid Engine Tour 12+1 Rounds 9 Starts 1600 ST"]
[Site "Infinity Chess"]
[Date "2018.1.29"]
[Round "5"]
[White "BraveDevil"]
[Black "star99"]
[Result "1/2-1/2"]
[ECO "D38"]
[WhiteElo "2446"]
[BlackElo "2377"]
[WhiteEngine "Cryptic AIL V2"]
[BlackEngine "Cryptic AIL V2"]
[EventType "Swiss"]
[WhiteTeam ""]
[BlackTeam ""]
[PlyCount "134"]
[TimeControl "720+1"]

1. d4 d5 2. c4 e6 3. Nc3 Nf6 4. Nf3 Bb4 5. Bg5 O-O 6. e3 c5 7. cxd5 exd5 
8. dxc5 Bxc3+ 9. bxc3 Be6 10. Bb5 Qa5 11. Bxf6 Qxb5 12. Bd4 f6 13. Rb1 Qa6 
14. Qe2 Nc6 15. Qxa6 bxa6 16. Rb3 Na5 17. Rb4 Nc6 18. Ra4 a5 19. Nd2 Rab8 
20. Ra3 h5 21. Ke2 Bc8 22. Rb1 Rxb1 23. Nxb1 Ba6+ 24. Kd1 Bb5 25. Kc1 Kf7 
26. Rb3 Rb8 27. Nd2 a6 28. Rb1 Ke6 29. e4 Rd8 30. Be3 d4 31. Bxd4 Nxd4 
32. cxd4 Rxd4 33. Rb3 g5 34. Re3 Ra4 35. Kb2 h4 36. Rc3 Kd7 37. Re3 Ke6 
38. Rc3 Kd7 39. Rf3 Ke6 40. Re3 Rb4+ 41. Kc2 Ba4+ 42. Kc1 Rd4 43. Rc3 Kd7 
44. Rf3 Ke7 45. g3 hxg3 46. hxg3 Bb5 47. Ra3 a4 48. Rc3 g4 49. Kc2 Kd7 
50. f3 Kc6 51. fxg4 Be2 52. Re3 Bxg4 53. Kc3 Rd8 54. e5 fxe5 55. Rxe5 Rg8 
56. Kd4 Rd8+ 57. Kc3 Rg8 58. Kb4 Bh3 59. Kxa4 Rxg3 60. Nb3 Rg4+ 61. Ka5 Bf1 
62. Re6+ Kc7 63. Rd6 Bc4 64. Nd4 Bxa2 65. Kxa6 Rxd4 66. Rxd4 Kc6 67. Rd6+ Kxc5 
1/2-1/2

[Event "Monday 29 January Rapid Engine Tour 12+1 Rounds 9 Starts 1600 ST"]
[Site "Infinity Chess"]
[Date "2018.1.29"]
[Round "5"]
[White "RonWeasley"]
[Black "Vimtiroba"]
[Result "1/2-1/2"]
[ECO "C53"]
[WhiteElo "2457"]
[BlackElo "2471"]
[WhiteEngine "BrainFish 060118_CTG"]
[BlackEngine "SF@Infinity_CTG"]
[EventType "Swiss"]
[WhiteTeam ""]
[BlackTeam ""]
[PlyCount "136"]
[TimeControl "720+1"]

1. e4 e5 2. Nf3 Nc6 3. Bc4 Bc5 4. c3 Nf6 5. d3 d6 6. Bb3 a6 7. Nbd2 O-O 
8. O-O Ba7 9. Re1 h6 10. Nf1 Re8 11. Bd2 Be6 12. Bxe6 Rxe6 13. Qc2 d5 
14. Be3 Bxe3 15. Nxe3 Qd7 16. a3 Rae8 17. b4 Ne7 18. Rad1 Qc8 19. Nh4 b5 
20. c4 bxc4 21. dxc4 d4 22. Nd5 c5 23. Qd3 a5 24. Nxe7+ R6xe7 25. Nf5 Re6 
26. b5 h5 27. Re2 Rb6 28. h3 Qe6 29. a4 g6 30. Nh4 Rbb8 31. Nf3 Nd7 32. Ra1 Nb6 
33. Nd2 Rec8 34. Ree1 Kg7 35. Rec1 f6 36. Nb3 Ra8 37. Qc2 Kg8 38. Nd2 Kf7 
39. Nf3 Nd7 40. Nh4 Rg8 41. Ra3 Nf8 42. Rb3 Qb6 43. Nf3 Ne6 44. Rf1 Nf4 
45. h4 Rae8 46. g3 Ne6 47. Nd2 Kg7 48. f4 exf4 49. gxf4 Qb8 50. Rbf3 Qd8 
51. Kh2 Kh8 52. Qd3 f5 53. exf5 Qxh4+ 54. Rh3 Nxf4 55. Rxh4 Nxd3 56. Re4 gxf5 
57. Rxf5 Kg7 58. Rxh5 Kf6 59. Rxe8 Rxe8 60. Nb3 Ne5 61. Kg3 Rg8+ 62. Kf2 Nd3+ 
63. Kf1 Re8 64. Nxc5 Re1+ 65. Kg2 Re2+ 66. Kf1 Re1+ 67. Kg2 Re2+ 68. Kf1 Re1+ 
1/2-1/2

[Event "Monday 29 January Rapid Engine Tour 12+1 Rounds 9 Starts 1600 ST"]
[Site "Infinity Chess"]
[Date "2018.1.29"]
[Round "5"]
[White "Eman"]
[Black "Marsell"]
[Result "1/2-1/2"]
[ECO "C77"]
[WhiteElo "2489"]
[BlackElo "2460"]
[WhiteEngine "Eman 1.68c 64-bit POPCNT"]
[BlackEngine "asmFishW_2018-01-11_popcnt"]
[EventType "Swiss"]
[WhiteTeam ""]
[BlackTeam ""]
[PlyCount "108"]
[TimeControl "720+1"]

1. e4 e5 2. Nf3 Nc6 3. Bb5 a6 4. Ba4 Nf6 5. O-O Be7 6. Re1 b5 7. Bb3 O-O 
8. c3 d5 9. exd5 Nxd5 10. Nxe5 Nxe5 11. Rxe5 c6 12. d4 Bd6 13. Re1 Qh4 
14. g3 Qh3 15. Qe2 Bg4 16. Qf1 Qh5 17. Nd2 Rae8 18. f3 Rxe1 19. Qxe1 Bxf3 
20. Nxf3 Qxf3 21. a4 b4 22. Bd2 Qd3 23. Rc1 bxc3 24. Bxc3 Qg6 25. Qf2 Rb8 
26. Bc2 Qe6 27. Bf5 Qe7 28. Bd3 g6 29. Bf1 Bb4 30. Bxb4 Rxb4 31. Rxc6 Ne3 
32. Qe1 Rxd4 33. Rc8+ Kg7 34. Qc3 Qe4 35. Rd8 Nd5 36. Qa3 Kf6 37. h4 Rd1 
38. Qd6+ Kf5 39. Qd7+ Kf6 40. Qd6+ Kf5 41. Qc5 Qd3 42. Qf2+ Kg4 43. b4 Qxg3+ 
44. Qxg3+ Kxg3 45. b5 axb5 46. axb5 h5 47. b6 Rxf1+ 48. Kxf1 Nxb6 49. Rd4 Nc8 
50. Rd1 Kxh4 51. Rd8 Nb6 52. Rd6 Nc8 53. Rf6 Ne7 54. Rxf7 Nd5 1/2-1/2

[Event "Monday 29 January Rapid Engine Tour 12+1 Rounds 9 Starts 1600 ST"]
[Site "Infinity Chess"]
[Date "2018.1.29"]
[Round "5"]
[White "MarioDeMonti"]
[Black "MCDermont"]
[Result "1/2-1/2"]
[ECO "C11"]
[WhiteElo "2463"]
[BlackElo "2490"]
[WhiteEngine "stockfish_x64_bmi2_2018_01_13_CTG"]
[BlackEngine "BrainFish 060118_CTG"]
[EventType "Swiss"]
[WhiteTeam ""]
[BlackTeam ""]
[PlyCount "98"]
[TimeControl "720+1"]

1. e4 e6 2. d4 d5 3. Nc3 Nf6 4. e5 Nfd7 5. f4 c5 6. Nf3 Nc6 7. Be3 cxd4 
8. Nxd4 Qb6 9. a3 Bc5 10. Ncb5 a6 11. b4 axb5 12. bxc5 Qxc5 13. Nf5 d4 
14. Nxd4 Ra4 15. c4 Nxd4 16. Kf2 Qe7 17. Qxd4 f6 18. exf6 Nxf6 19. Be2 O-O 
20. Rhc1 Nd5 21. Kg1 bxc4 22. Rxc4 Rxa3 23. Rxa3 Qxa3 24. Bd2 Bd7 25. Bf3 Ra8 
26. Bxd5 Qa1+ 27. Kf2 Qxd4+ 28. Rxd4 exd5 29. Rxd5 Bc6 30. Ra5 Rxa5 31. Bxa5 g6 
32. g4 Kg7 33. h3 Kf7 34. Bc3 Ke6 35. Ke3 b5 36. h4 h6 37. h5 gxh5 38. f5+ Kf7 
39. gxh5 Bd5 40. Kd4 Bg2 41. Ke5 Bh1 42. Bb4 Bg2 43. f6 Bf3 44. Be1 Bxh5 
45. Bd2 Kg6 46. f7 Kxf7 47. Bxh6 b4 48. Bc1 b3 49. Kd4 Bg6 1/2-1/2

[Event "Monday 29 January Rapid Engine Tour 12+1 Rounds 9 Starts 1600 ST"]
[Site "Infinity Chess"]
[Date "2018.1.29"]
[Round "5"]
[White "CrapCleaner"]
[Black "ivrdurant"]
[Result "1/2-1/2"]
[ECO "C50"]
[WhiteElo "2416"]
[BlackElo "2385"]
[WhiteEngine "Raubfisch ME262_GTZ16b4_CTG"]
[BlackEngine "Raubfisch X37b3._CTG"]
[EventType "Swiss"]
[WhiteTeam ""]
[BlackTeam ""]
[PlyCount "131"]
[TimeControl "720+1"]

1. e4 e5 2. Nf3 Nc6 3. Bc4 Bc5 4. O-O Nf6 5. d3 d6 6. c3 O-O 7. h3 a5 8. Nbd2 h6 
9. Re1 Be6 10. Bb5 Qb8 11. Nf1 Qa7 12. Be3 Bxe3 13. Nxe3 Ne7 14. Bc4 a4 
15. Bxe6 fxe6 16. d4 a3 17. Rb1 Ng6 18. Ng4 Nxg4 19. hxg4 axb2 20. Rxb2 Qa3 
21. Rxb7 Qxc3 22. Re3 Qc6 23. Rb2 exd4 24. Nxd4 Qd7 25. Reb3 e5 26. Nf5 Nf4 
27. Rb5 Qf7 28. a4 Qc4 29. R5b4 Qf7 30. Rb5 Qc4 31. g3 Ne6 32. R5b4 Qc3 
33. Qd5 Rfe8 34. Rb1 Kh8 35. Kg2 Ng5 36. R1b3 Qa1 37. Rb7 Rf8 38. Nh4 Qe1 
39. Rb2 Rf7 40. R7b4 Ra6 41. Nf5 Qc3 42. R2b3 Qc2 43. Rb2 Qc3 44. R2b3 Qc2 
45. Rf3 Qc5 46. Qb3 Ra8 47. Rc3 Qa5 48. f4 exf4 49. gxf4 Ne6 50. Kg3 Re8 
51. Re3 Rff8 52. Rb5 Qa7 53. Rb7 Qa5 54. Qc2 Ra8 55. Qc4 Rae8 56. Rb1 Qd2 
57. Qc1 Qxc1 58. Rxc1 g6 59. Nxh6 Kg7 60. g5 Rxf4 61. Rxc7+ Nxc7 62. Kxf4 Ne6+ 
63. Kg4 Ra8 64. Rb3 Rxa4 65. Rb7+ Kf8 66. Rb8+ 1/2-1/2

[Event "Monday 29 January Rapid Engine Tour 12+1 Rounds 9 Starts 1600 ST"]
[Site "Infinity Chess"]
[Date "2018.1.29"]
[Round "5"]
[White "KhalidOmar"]
[Black "Ninja_Bp"]
[Result "1/2-1/2"]
[ECO "B23"]
[WhiteElo "2466"]
[BlackElo "2464"]
[WhiteEngine "Eman 1.68c 64-bit BMI2"]
[BlackEngine "Houdini 6_CTG"]
[EventType "Swiss"]
[WhiteTeam ""]
[BlackTeam ""]
[PlyCount "142"]
[TimeControl "720+1"]

1. e4 c5 2. Nc3 d6 3. Nge2 Nf6 4. d4 cxd4 5. Nxd4 a6 6. Be3 e5 7. Nb3 Be7 
8. Qd3 Ng4 9. Bc1 O-O 10. Be2 Be6 11. O-O Nf6 12. Be3 Nbd7 13. Nd5 Bxd5 
14. exd5 Ne8 15. a4 Rc8 16. a5 f5 17. c4 g6 18. Rfe1 Bh4 19. Bd2 e4 20. Qc2 Qe7 
21. Nd4 Ng7 22. Bf4 g5 23. Bd2 g4 24. Rad1 Ne5 25. b4 Bg5 26. Bc1 Bxc1 
27. Rxc1 Rcd8 28. Bf1 Rf6 29. Qd2 Qf7 30. Rc3 Re8 31. Nb3 h5 32. c5 h4 
33. h3 Rg6 34. Kh1 Nh5 35. cxd6 Rxd6 36. Nc5 Qg7 37. hxg4 Nxg4 38. Kg1 Re7 
39. Rh3 e3 40. fxe3 Ng3 41. Rxh4 f4 42. Bc4 Rxe3 43. Rxg4 Qxg4 44. Rxe3 fxe3 
45. Qxe3 Qd1+ 46. Kh2 Qh1+ 47. Kxg3 Rg6+ 48. Kf4 Qh6+ 49. Ke4 Rg4+ 50. Kd3 Qxe3+ 
51. Kxe3 Rxc4 52. Nxb7 Rxb4 53. Nd8 Kf8 54. Nc6 Rc4 55. Kf3 Ke8 56. g4 Rc3+ 
57. Ke4 Kd7 58. g5 Kd6 59. g6 Rg3 60. Ne5 Rg1 61. Nf7+ Ke7 62. d6+ Ke6 
63. Kd4 Rd1+ 64. Kc4 Kf6 65. Kc5 Kxg6 66. Ne5+ Kf5 67. Nc4 Kf6 68. d7 Rxd7 
69. Kb6 Rd4 70. Kxa6 Rxc4 71. Kb5 Rc1 1/2-1/2

[Event "Monday 29 January Rapid Engine Tour 12+1 Rounds 9 Starts 1600 ST"]
[Site "Infinity Chess"]
[Date "2018.1.29"]
[Round "5"]
[White "SkyPilot"]
[Black "KULLANI"]
[Result "1/2-1/2"]
[ECO "C53"]
[WhiteElo "2486"]
[BlackElo "2415"]
[WhiteEngine "stockfish_x64_bmi2_2018_01_13_CTG"]
[BlackEngine "BrainFish_180124_x64_CTG"]
[EventType "Swiss"]
[WhiteTeam ""]
[BlackTeam ""]
[PlyCount "136"]
[TimeControl "720+1"]

1. e4 e5 2. Nf3 Nc6 3. Bc4 Bc5 4. c3 Nf6 5. d3 d6 6. O-O a5 7. Re1 Ba7 
8. Nbd2 O-O 9. Nf1 Be6 10. Bb5 Ne7 11. d4 exd4 12. Nxd4 Ng6 13. Ba4 c6 
14. Bc2 Re8 15. Ng3 Bd7 16. f4 b5 17. h3 b4 18. Kh1 Bc5 19. Bd2 Rb8 
20. Ndf5 Bxf5 21. Nxf5 Ne7 22. Nd4 Qb6 23. e5 Nfd5 24. exd6 Bxd6 25. Qf3 Rbd8 
26. Rad1 Bc7 27. g3 c5 28. Ba4 Rf8 29. Nb5 Nf5 30. Nxc7 Nxc7 31. Re2 g6 
32. Kh2 c4 33. Bc2 Rfe8 34. Rxe8+ Nxe8 35. Be1 Rxd1 36. Bxd1 Nf6 37. g4 Nd6 
38. Bc2 Nde8 39. Bf2 Qd6 40. Bd4 Nc7 41. Be5 Qb6 42. Kg2 bxc3 43. Qxc3 Nfd5 
44. Qd2 f6 45. Bd4 Qc6 46. Be4 Ne6 47. Kh1 Qb5 48. a4 c3 49. Qg2 c2 
50. axb5 c1=Q+ 51. Bg1 Ndxf4 52. Qf3 Ng5 53. Qe3 Qc4 54. Bf3 Nxf3 55. Qxf3 Nd5 
56. b6 Qc6 57. b3 Qb5 58. Bd4 Kf7 59. Kg1 Ke6 60. Qg3 Qc6 61. Bf2 Qc1+ 
62. Kh2 Qc6 63. h4 Kd7 64. Qd3 Ke7 65. Kg1 Qc1+ 66. Kh2 Qc6 67. Kg1 Qc1+ 
68. Kh2 Qc6 1/2-1/2